 Dungeon Crawl Stone Soup version 0.22-a0-439-gac93bac (webtiles) character file.

561 Borgoz the Ducker (level 7, -2/58 HPs)
             Began as a Ghoul Gladiator on May 29, 2018.
             Slain by Edmund
             ... wielding a +7 dire flail of protection
              (10 damage)
             ... on level 4 of the Dungeon.
             The game lasted 00:08:48 (4323 turns).

Borgoz the Ducker (Ghoul Gladiator)                 Turns: 4323, Time: 00:08:48

Health: -2/58      AC:  4    Str: 18    XL:     7   Next: 31%
Magic:  6/6        EV: 14    Int:  3    God:
Gold:   201        SH:  0    Dex: 12    Spells: 6/6 levels left

rFire    + . .     SeeInvis .     - Unarmed
rCold    + . .     Gourm    .   (no shield)
rNeg     + + +     Faith    .   a - +0 leather armour
rPois    ∞         Spirit   .   b - +0 helmet
rElec    .         Reflect  .   (no cloak)
rCorr    .         Harm     .   (no gloves)
MR       +....                  (no boots)
Stlth    +.........             (no amulet)
HPRegen  0.00/turn              h - ring of protection from fire
MPRegen  0.10/turn              f - ring of protection from magic

@: rotting
A: rotting body, claws 1, carnivore, cold resistance 1, negative energy
resistance 3, inhibited regeneration, torment resistance, unbreathing
a: no special abilities


You were on level 4 of the Dungeon.
You were not hungry.

You visited 1 branch of the dungeon, and saw 5 of its levels.

You collected 201 gold pieces.

Inventory:

Missiles
 c - 3 throwing nets (quivered)
Armour
 a - a +0 leather armour (worn)
 b - a +0 helmet (worn)
Jewellery
 f - a ring of protection from magic (right claw)
 h - a ring of protection from fire (left claw)
Scrolls
 i - 2 scrolls of remove curse
 n - a scroll of amnesia
 o - 2 scrolls of enchant armour
Potions
 e - a potion of magic
 k - a potion of lignification
 m - 3 potions of cancellation
 p - 2 potions of berserk rage
Comestibles
 d - 8 rations


   Skills:
 + Level 3.9 Fighting
 - Level 1.7 Throwing
 * Level 3.9 Armour
 * Level 4.7 Dodging
 + Level 4.6 Unarmed Combat


You had 6 spell levels left.
You didn't know any spells.
Your spell library was empty.

Dungeon Overview and Level Annotations

Branches:
Dungeon (5/15)
 Temple: D:4-7

Altars:
Fedhas
Gozag
Makhleb
Nemelex Xobeh
Uskayaw
Vehumet

Shops:
D:4 [

Annotations:
D:4 Edmund


Innate Abilities, Weirdness & Mutations

Your body is rotting away.
You thrive on raw meat.
You are immune to poison.
You have sharp fingernails.
You are carnivorous and can eat meat at any time.
Your flesh is cold resistant. (rC+)
You are immune to negative energy. (rN+++)
You do not regenerate when monsters are visible.
You are immune to unholy pain and torment.
You can survive without breathing.


Message History

Edmund hits you with a dire flail of protection!
* * * LOW HITPOINT WARNING * * *
All of the chunks of flesh in your inventory have rotted away.
As you read the scroll labeled TAUMOX ELUIGH, it crumbles to dust.
You hear a loud clanging noise!
It was a scroll of noise.
Edmund hits you with a dire flail of protection.
* * * LOW HITPOINT WARNING * * *
You barely miss Edmund.
Edmund is heavily wounded.
Edmund hits you with a dire flail of protection!
* * * LOW HITPOINT WARNING * * *
Unknown command.
You feel better. Edmund completely misses you.
Found a stone staircase leading down.
Found a potion of lignification.
You scratch Edmund.
Edmund is severely wounded.
Edmund hits you with a dire flail of protection!
You die...

#....##+###...##..##.....
#....#..###...##..##.....
#....+........'..........
#....#........#..........
#....######..###..##.....
#.....>...#..####'##.....
#.........#..............
#.........#..............
#.......@@##########.....
#...!..............#.....
.....#####.....>...#.....
!.. #.........#..... #
+.........#.....
#.........#@....
####......#.....
#......#.....
#......'.....


You could see Edmund.

Vanquished Creatures
  Grinder (D:3)
  A crimson imp (D:3)
  A hound (D:2)
  Ijyb (D:3)
  Natasha (thrice) (D:1)
  A worker ant (D:3)
  Robin (D:2)
  3 adders
  8 oozes
  An adder skeleton (D:4)
  3 worms
  2 dart slugs (D:1)
  A leopard gecko (D:2)
  An orc (D:3)
  11 giant cockroaches
  7 hobgoblins
  16 jackals
  5 kobolds
  A quokka (D:3)
  8 bats
  5 frilled lizards
  14 goblins
  10 rats
105 creatures vanquished.

Notes
Turn   | Place    | Note
-------+----------+-------------------------------------------
     0 | D:1      | Borgoz the Ghoul Gladiator began the quest for the Orb.
     0 | D:1      | Reached XP level 1. HP: 17/17 MP: 0/0
     1 | D:1      | Found a runed door.
    86 | D:1      | Reached XP level 2. HP: 21/25 MP: 1/1
   232 | D:1      | Found a sparkling altar of Nemelex Xobeh.
   436 | D:1      | Reached skill level 1 in Armour
   537 | D:1      | Reached XP level 3. HP: 29/30 MP: 2/2
   677 | D:2      | Noticed Robin
   677 | D:2      | Noticed Natasha
   713 | D:1      | Killed Natasha
   773 | D:2      | Reached XP level 4. HP: 28/37 MP: 3/3
   833 | D:2      | Killed Robin
  1262 | D:2      | Reached XP level 5. HP: 27/45 MP: 4/4
  1275 | D:2      | Found a radiant altar of Vehumet.
  1311 | D:2      | Found a blossoming altar of Fedhas.
  1893 | D:1      | Noticed Natasha
  1902 | D:1      | Killed Natasha
  2647 | D:1      | Noticed Natasha
  2654 | D:1      | Killed Natasha
  2654 | D:1      | Reached XP level 6. HP: 38/47 MP: 5/5
  2863 | D:3      | Noticed Ijyb
  2866 | D:3      | Noticed Grinder
  2915 | D:3      | Paralysed by Grinder for 2 turns
  3028 | D:3      | Noticed a hand axe
  3029 | D:3      | Noticed a dagger
  3033 | D:3      | Found a hide-covered altar of Uskayaw.
  3119 | D:3      | Found an opulent altar of Gozag.
  3143 | D:3      | Paralysed by Grinder for 6 turns
  3170 | D:3      | Killed Grinder
  3170 | D:3      | Reached XP level 7. HP: 31/58 MP: 6/6
  3318 | D:3      | Killed Ijyb
  3940 | D:3      | Found a burning altar of Makhleb.
  4032 | D:4      | Found Taly's Antique Armour Shoppe.
  4197 | D:4      | Noticed Edmund
  4281 | D:5      | Entered Level 5 of the Dungeon
  4314 | D:4      | HP: 1/58 [Edmund/dire flail of protection (12)]
  4323 | D:4      | Slain by Edmund

Vault maps used:
D:1:      dpeg_arrival_caged_fury, minmay_misc_feat_hallway,
          minmay_stone_trees_medium, serial_park_tiny_1,
          nemelex_diamond_rough_becter
D:2:      lemuel_crystal_altar, fedhas_altar_4, minmay_fountain_box,
          uniq_natasha, uniq_robin
D:3:      dancing_weapons_uskayaw, makhleb_grotto_becter, grunt_gozag_statues,
          first_ration, uniq_ijyb, uniq_grinder
D:4:      minmay_temple_entry_grid, serial_shops, shop, uniq_edmund
D:5:      nicolae_overflow_crystal_walls, nicolae_overflow_hidden_temple,
          serial_shops, nicolae_shop_waterfront, serial_park_tiny_pond,
          nicolae_ashenzari_panopticon, uniq_duvessa

Skill      XL: |  1  2  3  4  5 |
---------------+----------------+-----
Dodging        | 3 4 |  4.7
Armour         | 1 2 3 |  3.9
Fighting       | 3 |  3.9
Unarmed Combat | 4 |  4.6
Throwing       | |  1.7

Action                   |  1- 3 |  4- 6 |  7- 9 || total
-------------------------+-------+-------+-------++-------
Melee: Unarmed           |   101 |   238 |    97 ||   436
       Punch             |       |     4 |     2 ||     6
  Use: Scroll            |       |    12 |     4 ||    16
       Potion            |       |     5 |     1 ||     6
  Eat: Chunk             |     8 |    28 |     7 ||    43
Armor: Leather armour    |    26 |    62 |    35 ||   123
Dodge: Dodged            |    69 |   196 |    75 ||   340

Table legend:
 A = Spawn XP
 B = Non-spawn XP
 C = Spawn XP percentage of total XP
 D = Spawn monster count
 E = Non-spawn monster count
 F = Spawn count percentage of total count
 G = Total turns spent on level
                    A         B        C        D         E        F      G
               +---------+---------+-------+---------+---------+-------+---------
         Total |       0 |     802 |   0.0 |       0 |     105 |   0.0 |  4323
               +---------+---------+-------+---------+---------+-------+---------
           D:1 |       0 |     212 |   0.0 |       0 |      38 |   0.0 |  2006
           D:2 |       0 |     127 |   0.0 |       0 |      33 |   0.0 |   740
           D:3 |       0 |     429 |   0.0 |       0 |      21 |   0.0 |  1251
           D:4 |       0 |      32 |   0.0 |       0 |      12 |   0.0 |   307
           D:5 |       0 |       2 |   0.0 |       0 |       1 |   0.0 |    19
               +---------+---------+-------+---------+---------+-------+---------
